 Dungeon Crawl Stone Soup version 0.30-a0-883-g5ad918d77d (webtiles) character file.

Game seed: 6888003188436587254

44 Bruce1nR the Trooper (level 3, 0/30 HPs)
             Began as a Human Berserker on Feb 22, 2023.
             Was a Believer of Trog.
             Slain by a gnoll
             ... wielding a +0 club
              (3 damage)
             ... on level 4 of the Dungeon on Mar 17, 2023.
             The game lasted 00:25:22 (1152 turns).

Bruce1nR the Trooper (Human Berserker)              Turns: 1152, Time: 00:25:23

Health: 0/30       AC:  5    Str: 19    XL:     3   Next: 85%
Magic:  3/3        EV:  8    Int:  7    God:    Trog [**....]
Gold:   164        SH:  0    Dex: 12    Spells: 2/2 levels left

rFire   + . .      SeeInvis .    j - +0 spear
rCold   + . .      Faith    .    (no shield)
rNeg    . . .      Spirit   .    f - +1 chain mail
rPois   +          Reflect  .    (no helmet)
rElec   +          Rampage  .    (no cloak)
rCorr   +                        (no gloves)
Will    .....                    (no boots) Stlth
                                 (no amulet)
HPRegen 0.25/turn                (no ring)
MPRegen 0.08/turn                (no ring)

@: resistant, unable to drink
A: deformed body, inability to drink after injury 1
a: Renounce Religion, Berserk, Trog's Hand


You were on level 4 of the Dungeon.
You worshipped Trog.
Trog was pleased with you.
You visited 1 branch of the dungeon, and saw 5 of its levels.

You collected 164 gold pieces.

Inventory:

Hand Weapons
 a - a +0 mace
 j - a +0 spear (weapon)
Missiles
 i - 13 stones
Armour
 e - the +2 pair of boots of Gestures {rPois rC- Str+2}
   (You acquired it on level 4 of the Dungeon)

   Str:       It affects your strength (+2).
   rC:        It makes you vulnerable to cold.
   rPois:     It protects you from poison.
 f - a +1 chain mail (worn)
Jewellery
 c - a ring of fire
Potions
 b - a potion of berserk rage
 d - a potion of mutation (quivered) {BESERK}
 g - a potion of curing {unknown}
 l - a potion of magic {unknown}


   Skills:
 + Level 3.8 Fighting
 + Level 3.3 Maces & Flails
 + Level 2.3 Armour
 + Level 2.2 Dodging


You had 2 spell levels left.
You didn't know any spells.
Your spell library contained the following spells:

 Spells                   Type           Power      Damage    Failure   Level
 Cigotuvi's Dreadful Rot  Necr/Pois/Air  0%         N/A       100%        2
 Ensorcelled Hibernation  Hex/Ice        0%         N/A       100%        2
 Passwall                 Tmut/Erth      0%         N/A       100%        2
 Poisonous Vapours        Pois/Air       0%         N/A       100%        2
 Mephitic Cloud           Conj/Pois/Air  0%         N/A       100%        3
 Swiftness                Air            0%         N/A       100%        3


Dungeon Overview and Level Annotations

Branches:
Dungeon (5/15)
 Temple: D:4-7

Altars:


Innate Abilities, Weirdness & Mutations

Armour fits poorly on your strangely shaped body.
You occasionally lose the ability to drink potions when taking damage.


Message History

There is a stone staircase leading up here.
The quokka bites you but does no damage.
The gnoll hits you but does no damage. x2
The lemure hits you but does no damage.
You climb upwards.
The lemure barely misses you.
There is a stone staircase leading down here.
The gnoll attacks as you move away! The gnoll hits you with a +0 club!
The lemure hits you but does no damage. The quokka bites you.
This is a scroll of acquirement!
Something appears at your feet! The lemure barely misses you.
The quokka bites you but does no damage.
The lemure hits you.
You feel much better. The lemure closely misses you. The quokka bites you.
The lemure hits you.
It was a potion of cancellation.
You feel magically purged. The lemure hits you but does no damage.
The quokka barely misses you. The lemure completely misses you.
It was a potion of resistance.
You feel protected. The quokka misses you. The lemure hits you. x2
e - the +2 pair of boots of Gestures {rPois rC- Str+2} The quokka closely misses you.
The lemure misses you. The gnoll hits you with a +0 club. The lemure hits you.
The quokka bites you but does no damage.
It was a potion of mutation {BESERK}.
You feel extremely strange.
Your body twists and deforms.
You occasionally lose the ability to drink potions when taking damage.
The lemure hits you.
You feel threatened and lose the ability to drink potions!
The gnoll hits you with a +0 club.
* * * LOW HITPOINT WARNING * * *
The quokka closely misses you. The lemure hits you but does no damage.
You fail to use your ability.
The lemure hits you.
* * * LOW HITPOINT WARNING * * *
The gnoll hits you but does no damage.
The quokka bites you but does no damage.
The lemure hits you but does no damage. The gnoll hits you with a +0 club.
You die...

#...5###############...........##
...55 ..................## #....
#########...........## ..... ..#
#..................... ..... #.#
#..................... ...... #.#
#...................<. ...... #.#
#.......>............. .....# #.#
#....g55...#.##'#..... .....+
#.###....@5r...#.##.#.....
.....###.....##########.##.#.....
.............##########'##.#.....
........#........................
........#...................)....
.....)..#........................
...######...................#####
...# #...................# # ...#
####................# #


You could see 3 lemures, a gnoll and a quokka.

Vanquished Creatures
  A worm (D:4)
  2 dart slugs
  An orc (D:4)
  A bat (D:2)
  4 endoplasms
  3 giant cockroaches
  4 goblins
  4 hobgoblins
  A quokka (D:1)
  2 ball pythons
  6 kobolds
  4 rats (D:1)
33 creatures vanquished.

Vanquished Creatures (others)
  4 plants (D:1)
4 creatures vanquished.

Grand Total: 37 creatures vanquished

Notes
Turn   | Place    | Note
-------+----------+-------------------------------------------
     0 | D:1      | Bruce1nR the Human Berserker began the quest for the Orb.
     0 | D:1      | Reached XP level 1. HP: 18/18 MP: 1/1
   119 | D:1      | Reached XP level 2. HP: 24/24 MP: 2/2
   242 | D:1      | Found a faded altar of an unknown god.
   283 | D:2      | Reached XP level 3. HP: 29/29 MP: 3/3
   641 | D:5      | Entered Level 5 of the Dungeon
   804 | D:4      | Upgraded the game from 0.30-a0-782-ge64f9170bb to
                  | 0.30-a0-883-g5ad918d77d
   996 | D:4      | Reached ** piety under Trog
  1115 | D:4      | Noticed a lemure
  1115 | D:4      | Noticed a lemure
  1115 | D:4      | Noticed a lemure
  1145 | D:4      | Identified a scroll of acquirement
  1145 | D:4      | Acquired the +2 pair of boots of Gestures {rPois rC- Str+2}
  1150 | D:4      | Gained mutation: Armour fits poorly on your strangely
                  | shaped body. [potion of mutation]
  1150 | D:4      | Gained mutation: You occasionally lose the ability to drink
                  | potions when taking damage. [potion of mutation]
  1152 | D:4      | Slain by a gnoll

Illustrated notes

Levels and vault maps discovered:
D:1:      dpeg_arrival_chambers_temple_mockup, layout_loops_ring,
          chequers_ecumenical_altar_lobes, minmay_vboxes
D:2:      layout_loops_ring
D:3:      layout_basic, vehumet_statue
D:4:      layout_basic, grunt_tough_drop, uniq_pikel
D:5:      layout_gridville, overflow_temple_1_default, uniq_grinder

Action                     || total
---------------------------++-------
  Melee: Mace              ||    79
         Punch             ||     1
         Spear             ||    23
  Throw: Stone             ||     2
    Use: Potion            ||     5
         Scroll            ||     3
 Armour: Animal skin       ||    12
         Chain mail        ||    29
  Dodge: Dodged            ||    69

Table legend: (Time is in decaauts)
 A = Elapsed time spent in this place.
 B = Non-inter-level travel time spent in this place.
 C = Inter-level travel time spent in this place.
 D = Time resting spent in this place.
 E = Time spent auto-exploring this place.
 F = Levels seen in this place.
 G = Mean time per level.
                   A        B        C        D        E       F      G
               +--------+--------+--------+--------+--------+-----+--------+
         Total |   1183 |    712 |    471 |      0 |    279 |   5 |  236.6 |
       Dungeon |   1183 |    712 |    471 |      0 |    279 |   5 |  236.6 |
               +--------+--------+--------+--------+--------+-----+--------+

Top non-repeatable levels by time:
     D:4: 560 daAuts
     D:1: 288 daAuts
     D:3: 213 daAuts
     D:2: 117 daAuts
     D:5: 4 daAuts
